 Dungeon Crawl Stone Soup version 0.21-a0-274-gc1afaeb (webtiles) character file.

170 Lavandula the Chopper (level 5, -1/41 HPs)
             Began as a Ghoul Warper on Sept 19, 2017.
             Slain by an adder (3 damage)
             ... on level 3 of the Dungeon.
             The game lasted 00:05:38 (1146 turns).

Lavandula the Chopper (Ghoul Warper)                Turns: 1146, Time: 00:05:39

Health: -1/41      AC:  5    Str: 12 (15) XL:     5   Next: 51%
Magic:  0/6        EV: 17    Int:  6 (8)  God:
Gold:   84         SH:  0    Dex: 13 (14) Spells: 3/7 levels left

rFire    . . .     SeeInvis .   a - +0 hand axe
rCold    + . .     Gourm    .   (no shield)
rNeg     + + +     Faith    .   b - +0 leather armour
rPois    ∞         Spirit   .   (no helmet)
rElec    .         Reflect  .   n - +1 cloak
rCorr    .         Harm     .   (no gloves)
MR       .....                  (no boots)
Stlth    ++........             (no amulet)
HPRegen  0.00/turn              (no ring)
MPRegen  0.10/turn              (no ring)

@: agile, very slightly contaminated, rotting
A: rotting body, claws 1, carnivore 3, cold resistance 1, negative energy
resistance 3, inhibited regeneration, torment resistance, unbreathing
a: no special abilities


You were on level 3 of the Dungeon.
You were not hungry.

You visited 1 branch of the dungeon, and saw 3 of its levels.

You collected 84 gold pieces.

Inventory:

Hand Weapons
 a - a +0 hand axe (weapon)
 h - a -1 hand axe
Missiles
 e - 5 tomahawks of dispersal (quivered)
 g - 2 tomahawks
Armour
 b - a +0 leather armour (worn)
 n - a +1 cloak (worn)
 t - a +0 scale mail
Wands
 j - a wand of iceblast (4/15)
 k - a wand of random effects (2/48)
 s - a wand of acid (5/15)
Scrolls
 i - a scroll of teleportation
 m - a scroll of recharging {unknown}
Books
 c - a book of Spatial Translocations

   Spells                             Type                      Level
   a - Blink                          Translocation                2
   b - Shroud of Golubria             Charms/Translocation         2
   c - Lesser Beckoning               Translocation                3
   d - Gell's Gravitas                Translocation                3
   e - Teleport Other                 Translocation                3
   f - Passage of Golubria            Translocation                4
Comestibles
 f - 4 meat rations
 r - a royal jelly


   Skills:
 - Level 2.1 Fighting
 + Level 5.0 Axes
 - Level 0.8 Throwing
 - Level 0.8 Armour
 - Level 1.7 Dodging
 - Level 1.7 Spellcasting
 - Level 2.6 Translocations


You had 3 spell levels left.
You knew the following spells:

 Your Spells              Type           Power        Failure   Level  Hunger
a - Blink                 Tloc           N/A          26%         2    ###....
b - Shroud of Golubria    Chrm/Tloc      #.........   43%         2    ###....


Dungeon Overview and Level Annotations

Branches:
Dungeon (3/15)

Altars:


Innate Abilities, Weirdness & Mutations

Your body is rotting away.
You thrive on raw meat.
You are immune to poison.
You have sharp fingernails.
You are carnivorous and can eat meat at any time.
Your flesh is cold resistant. (rC+)
You are immune to negative energy. (rN+++)
You do not regenerate when monsters are visible.
You are immune to unholy pain and torment.
You can survive without breathing.


Message History

Press: ? - help, v - describe, . - travel
Here: an orc, wielding an enchanted morningstar The floor.
The rat misses you. The adder barely misses you.
The frilled lizard completely misses you.
Casting: Blink
Confirm with . or Enter, or press ? or * to list all spells.
You miscast Blink.
Nothing appears to happen.
The adder bites you.
* * * LOW HITPOINT WARNING * * *
The frilled lizard closely misses you. The adder bites you but does no damage.
The orc wizard miscasts a cantrip.
Unknown command.
Okay, then.
Okay, then.
It was a potion of agility.
You feel agile all of a sudden. The frilled lizard bites you.
* * * LOW HITPOINT WARNING * * *
The adder bites you.
You die...

*<* *,* *,*
*,************************
*,,,,,,,,,,,,,,,,,,,,,,,,,
************************** *,,,,
########### *,,,, #####
#....o.rS@# *,,,, ....#
#......ol.# *,,,, ....#
#.......o.# *,,,, ....#
#......(..# *,,,,
....#**#....[....#***********,,,,
....+,,+.........+,,,,,,,,,,,,,,,
....#**#.........#***************
.)..# #.........# #)###
#.........#


You could see an orc wizard, an adder, 2 orcs, a frilled lizard and a rat.

Vanquished Creatures
  An orc wizard (D:3)
  An orc priest (D:3)
  A centaur skeleton (D:3)
  4 adders
  An ooze (D:2)
  A worm (D:3)
  4 orcs (D:3)
  2 bats
  2 giant cockroaches
  3 goblins (D:1)
  3 hobgoblins
  6 jackals
  A quokka (D:3)
  A ball python (D:1)
  2 frilled lizards
  3 kobolds
  4 rats
40 creatures vanquished.

Notes
Turn   | Place    | Note
-------+----------+-------------------------------------------
     0 | D:1      | Lavandula the Ghoul Warper began the quest for the Orb.
     0 | D:1      | Reached XP level 1. HP: 17/17 MP: 2/2
    37 | D:1      | Reached skill level 2 in Axes
    88 | D:1      | Reached XP level 2. HP: 19/24 MP: 3/3
   124 | D:1      | Learned a level 2 spell: Blink
   127 | D:1      | Learned a level 2 spell: Shroud of Golubria
   617 | D:2      | Reached skill level 3 in Axes
   652 | D:2      | Reached XP level 3. HP: 14/29 MP: 4/4
   968 | D:3      | Reached XP level 4. HP: 30/36 MP: 2/5
   971 | D:3      | Reached skill level 4 in Axes
  1091 | D:3      | Reached XP level 5. HP: 7/41 MP: 0/6
  1091 | D:3      | Reached skill level 5 in Axes
  1146 | D:3      | HP: 2/41 [frilled lizard (2)]
  1146 | D:3      | Slain by an adder

Vault maps used:
D:1:      elethiomel_arrival_infinity_welcomes_careful_drivers, serial_forest,
          infiniplex_forest_lined_2, infiniplex_forest_lined_room_2,
          infiniplex_forest_clump_C, infiniplex_forest_end_3,
          infiniplex_forest_corner_1, minmay_surrounded
D:2:      minmay_door_path, first_bread
D:3:      portal_sewer_entry_b

Skill      XL: |  1  2  3  4  5 |
---------------+----------------+-----
Axes           | 2 3 4 5 |  5.0
Fighting       | |  2.1
Throwing       | |  0.8
Armour         | |  0.8
Dodging        | |  1.7
Spellcasting   | |  1.7
Translocations | |  2.6

Action                   |  1- 3 |  4- 6 || total
-------------------------+-------+-------++-------
Melee: Hand axe          |    99 |    51 ||   150
 Cast: Shroud of Golubri |     4 |     4 ||     8
Evoke: Wand              |       |     3 ||     3
  Use: Scroll            |     6 |     3 ||     9
       Potion            |       |     4 ||     4
  Eat: Chunk             |    13 |     3 ||    16
Armor: Leather armour    |    22 |    22 ||    44
Dodge: Dodged            |    61 |    44 ||   105

Table legend:
 A = Spawn XP
 B = Non-spawn XP
 C = Spawn XP percentage of total XP
 D = Spawn monster count
 E = Non-spawn monster count
 F = Spawn count percentage of total count
 G = Total turns spent on level
                    A         B        C        D         E        F      G
               +---------+---------+-------+---------+---------+-------+---------
         Total |       0 |     244 |   0.0 |       0 |      40 |   0.0 |  1146
               +---------+---------+-------+---------+---------+-------+---------
           D:1 |       0 |      23 |   0.0 |       0 |      14 |   0.0 |   531
           D:2 |       0 |      31 |   0.0 |       0 |       9 |   0.0 |   349
           D:3 |       0 |     190 |   0.0 |       0 |      17 |   0.0 |   266
               +---------+---------+-------+---------+---------+-------+---------
